 Dungeon Sprint DCSS version 0.23-a0-189-gc87c613 (webtiles) character file.

1081 Felrender the Nimble (level 8, -2/88 HPs)
             Began as a Troll Fighter on Sept 24, 2018.
             Was a Priest of Trog.
             Slain by a five-headed hydra (12 damage)
             ... in the Dungeon (Sprint IX: "|||||||||||||||||||||||||||||").
             The game lasted 00:02:58 (411 turns).

Felrender the Nimble (Troll Fighter)                 Turns: 411, Time: 00:02:59

Health: -2/88      AC:  5    Str: 30    XL:     8   Next: 8%
Magic:  7/7        EV: 15    Int:  4    God:    Trog [***...]
Gold:   0          SH:  0    Dex:  9    Spells: 7/7 levels left

rFire    . . .     SeeInvis .   n - +6 quarterstaff (speed)
rCold    . . .     Gourm    +   (shield currently unavailable)
rNeg     . . .     Faith    .   a - +0 robe
rPois    .         Spirit   .   (helmet restricted)
rElec    .         Reflect  .   (no cloak)
rCorr    .         Harm     .   (gloves unavailable)
MR       ++...     NoTele   +   (boots unavailable)
Stlth    +.........             (no amulet)
HPRegen  1.64/turn              o - +3 ring of strength
MPRegen  0.10/turn              p - +2 ring of evasion

@: lethally poisoned (-2 -> -2), regenerating
A: large, unfitting armour, claws 3, fast metabolism 3, gourmand, regeneration
1, shaggy fur 1, tough skin 2
a: Berserk, Trog's Hand, Renounce Religion


You were in the Dungeon.
You worshipped Trog.
Trog was most pleased with you.
You were very full.

You visited 1 branch

Inventory:

Hand Weapons
 c - a +1 scimitar of flaming
 n - a +6 quarterstaff of speed (weapon)
Armour
 a - a +0 robe (worn)
Jewellery
 o - a +3 ring of strength (left claw)
 p - a +2 ring of evasion (right claw)
 r - an uncursed ring of magical power
Wands
 m - a wand of acid (10)
Scrolls
 j - 3 scrolls of blinking
 l - 3 scrolls of remove curse
 q - a scroll of identify
 s - 3 scrolls of fog
Potions
 e - 5 potions of curing
 f - 2 potions of brilliance
 g - a potion of agility
 h - 4 potions of magic
 i - 4 potions of berserk rage
 k - a potion of invisibility
Comestibles
 b - 4 chunks of flesh
 d - 2 rations


   Skills:
 + Level 7.8 Fighting
 + Level 5.7 Staves
 + Level 9.0 Dodging
 + Level 1.3 Stealth
   Level 4.0 Shields
 + Level 8.3 Unarmed Combat


You had 7 spell levels left.
You didn't know any spells.
Your spell library was empty.

Dungeon Overview and Level Annotations

Branches:
Dungeon (1/1)

Altars:
Cheibriados
Dithmenos
Elyvilon
Fedhas
Gozag
Hepliaklqana
Kikubaaqudgha
Makhleb
Nemelex Xobeh
Okawaru
Qazlal
Ru
Sif Muna
Trog
Uskayaw
Vehumet
Wu Jian
Xom
Yredelemnul
Zin
The Shining One
Beogh
Jiyva
Lugonu


Innate Abilities, Weirdness & Mutations

You are too large for most types of armour.
You have claws for hands.
Your metabolism is lightning-fast.
You like to eat raw meat.
Your natural rate of healing is unusually fast.
You are covered in fur. (AC +1)
You have very tough skin. (AC +2)


Message History

The five-headed hydra completely misses you.
The five-headed hydra bites you!
You barely miss the five-headed hydra.
The five-headed hydra is moderately wounded.
You feel sick.
The bullfrog swells and bulges.
The five-headed hydra bites you! x2; The five-headed hydra bites you. x2
The five-headed hydra bites you!
* * * LOW HITPOINT WARNING * * *
Okay, then.
Your skin crawls.
You feel resistant to hostile enchantments.
You feel quite a bit less full.
You can no longer call in reinforcements.
The five-headed hydra bites you.
* * * LOW HITPOINT WARNING * * *
The five-headed hydra bites you.
* * * LOW HITPOINT WARNING * * *
The five-headed hydra bites you!
You die...

▓_▓.▓
▓_▓.▓l▓
▓_▓.▓F▓
▓_▓.▓S▓
▓_▓.▓F▓
▓_▓.▓r▓
▓_▓.▓F▓
▓_▓.▓D▓
▓_▓.▓@▓
▓_▓.▓.▓
▓_▓.▓.▓
▓_▓.▓.▓
▓_▓.▓.▓
▓'▓.▓.▓
▓.▓.▓=▓
▓.▓.▓.▓
▓.▓.▓.▓


You could see a five-headed hydra, a spiny frog, a basilisk, a water moccasin, 2
bullfrogs and a porcupine.

Vanquished Creatures
  An efreet (D)
  A yak (D)
  A water moccasin (D)
  2 orc warriors (D)
  2 sky beasts (D)
  A bullfrog (D)
  2 crimson imps (D)
  An orc wizard (D)
  A jelly (D)
  A gnoll (D)
  2 adders (D)
  A leopard gecko (D)
  An orc (D)
  A bat skeleton (D)
  A giant cockroach (D)
  2 goblins (D)
  A hobgoblin (D)
  A frilled lizard (D)
23 creatures vanquished.

Vanquished Creatures (others)
  A spatial maelstrom (D)
1 creature vanquished.

Grand Total: 24 creatures vanquished

Notes
Turn   | Place    | Note
-------+----------+-------------------------------------------
     0 | D        | Felrender the Troll Fighter began the quest for the Orb.
     0 | D        | Reached XP level 1. HP: 22/22 MP: 0/0
     0 | D        | Banished a spatial maelstrom
    27 | D        | Noticed a crimson imp
    33 | D        | Killed a crimson imp
    33 | D        | Reached skill level 3 in Dodging
    33 | D        | Reached XP level 2. HP: 30/32 MP: 1/1
    33 | D        | Reached XP level 3. HP: 36/39 MP: 2/2
    47 | D        | Reached skill level 4 in Dodging
    68 | D        | Found a roughly hewn altar of Beogh.
    68 | D        | Found a snail-covered altar of Cheibriados.
    68 | D        | Found a shadowy altar of Dithmenos.
    68 | D        | Found a white marble altar of Elyvilon.
    68 | D        | Found a blossoming altar of Fedhas.
    68 | D        | Found an opulent altar of Gozag.
    69 | D        | Found a hazy altar of Hepliaklqana.
    70 | D        | Found a viscous altar of Jiyva.
    71 | D        | Found an ancient bone altar of Kikubaaqudgha.
    72 | D        | Found a corrupted altar of Lugonu.
    73 | D        | Found a burning altar of Makhleb.
    74 | D        | Found a sparkling altar of Nemelex Xobeh.
    75 | D        | Found an iron altar of Okawaru.
    76 | D        | Found a stormy altar of Qazlal.
    77 | D        | Found a sacrificial altar of Ru.
    78 | D        | Found a deep blue altar of Sif Muna.
    79 | D        | Found a bloodstained altar of Trog.
    80 | D        | Found a hide-covered altar of Uskayaw.
    81 | D        | Found a radiant altar of Vehumet.
    82 | D        | Found an ornate altar of the Wu Jian Council.
    83 | D        | Found a shimmering altar of Xom.
    84 | D        | Found a basalt altar of Yredelemnul.
    85 | D        | Found a glowing silver altar of Zin.
    86 | D        | Found a glowing golden altar of the Shining One.
    87 | D        | Became a worshipper of Trog the Wrathful
   123 | D        | Noticed a sky beast
   123 | D        | Noticed an orc warrior
   133 | D        | Killed an orc warrior
   133 | D        | Reached skill level 5 in Fighting
   133 | D        | Reached skill level 1 in Staves
   133 | D        | Reached skill level 5 in Dodging
   133 | D        | Reached XP level 4. HP: 2/50 MP: 3/3
   133 | D        | Reached XP level 5. HP: 3/57 MP: 4/4
   140 | D        | Killed a sky beast
   140 | D        | Reached skill level 6 in Dodging
   140 | D        | Reached skill level 5 in Unarmed Combat
   142 | D        | Reached * piety under Trog
   142 | D        | Reached XP level 6. HP: 61/67 MP: 5/5
   150 | D        | Reached ** piety under Trog
   162 | D        | Noticed a sky beast
   162 | D        | Noticed a yak
   162 | D        | Noticed an efreet
   162 | D        | Noticed an orc warrior
   165 | D        | Reached skill level 7 in Dodging
   168 | D        | Killed an orc warrior
   168 | D        | Reached skill level 1 in Stealth
   176 | D        | Reached *** piety under Trog
   184 | D        | Killed an efreet
   184 | D        | Reached skill level 8 in Dodging
   184 | D        | Reached XP level 7. HP: 52/78 MP: 6/6
   190 | D        | Killed a yak
   190 | D        | Reached skill level 5 in Staves
   388 | D        | Noticed a spiny frog
   389 | D        | Noticed a basilisk
   390 | D        | Noticed a five-headed hydra
   395 | D        | Reached **** piety under Trog
   395 | D        | Reached skill level 9 in Dodging
   395 | D        | Reached XP level 8. HP: 76/88 MP: 7/7
   411 | D        | Slain by a five-headed hydra

Vault maps used:
D:        linesprint

Skill      XL: |  1  2  3  4  5  6  7 |
---------------+----------------------+-----
Fighting       | 3 5 7 |  7.8
Dodging        | 3 5 6 8 9 |  9.0
Shields        | 3 4 |  4.0
Unarmed Combat | 3 4 5 7 8 |  8.3
Staves         | 1 2 4 5 |  5.7
Stealth        | 1 |  1.3

Action                   |  1- 3 |  4- 6 |  7- 9 || total
-------------------------+-------+-------+-------++-------
Melee: Unarmed           |    36 |       |       ||    36
       Quarterstaff      |     8 |    33 |    27 ||    68
Invok: Berserk           |       |     1 |       ||     1
       Trog's Hand       |       |       |     2 ||     2
  Use: Potion            |     2 |     3 |       ||     5
       Scroll            |       |       |     2 ||     2
  Eat: Chunk             |     3 |       |     6 ||     9
Armor: Robe              |    11 |     6 |     5 ||    22
Dodge: Dodged            |    13 |    14 |    13 ||    40
Block: Shield            |     5 |       |       ||     5

Table legend:
 A = Non-vault XP
 B = Vault XP
 C = Vault XP percentage of total XP
 D = Non-vault monster count
 E = Vault monster count
 F = Vault count percentage of total count
                 A         B        C        D         E       F
            +---------+---------+-------+---------+---------+-------
      Total |       0 |    1545 | 100.0 |       0 |      23 | 100.0
            +---------+---------+-------+---------+---------+-------
          D |       0 |    1545 | 100.0 |       0 |      23 | 100.0
            +---------+---------+-------+---------+---------+-------
